 Dungeon Crawl Stone Soup version 0.21.1-1-g345015f (webtiles) character file.

62 tidbits the Sneak (level 4, -3/57 HPs)
             Began as a Gnoll Assassin on Apr 6, 2018.
             Shot with an arrow by a centaur (9 damage)
             ... on level 3 of the Dungeon.
             The game lasted 00:05:56 (611 turns).

tidbits the Sneak (Gnoll Assassin)                   Turns: 611, Time: 00:05:57

Health: -3/57      AC: 22    Str: 14    XL:     4   Next: 8%
Magic:  5/5        EV:  2    Int: 14    God:
Gold:   62         SH:  0    Dex: 16    Spells: 5/5 levels left

rFire    . . .     SeeInvis .   a - +2 dagger
rCold    . . .     Gourm    .   (no shield)
rNeg     + + +     Faith    .   (armour currently unavailable)
rPois    +         Spirit   .   (helmet currently unavailable)
rElec    .         Reflect  .   (cloak currently unavailable)
rCorr    .         Harm     .   (gloves currently unavailable)
MR       .....     NoTele   +   (boots currently unavailable)
Stlth    ++++......             (no amulet)
HPRegen  0.19/turn              (no ring)
MPRegen  0.09/turn              (no ring)

@: tree-form
A: distributed training, strong nose
a: no special abilities


You were on level 3 of the Dungeon.
You were not hungry.
You were a tree.
You visited 1 branch of the dungeon, and saw 3 of its levels.

You collected 62 gold pieces.

Inventory:

Hand Weapons
 a - a +2 dagger (weapon)
 f - a +0 flail
 g - a +0 blowgun
 j - a +2 spear of freezing
   (You found it on level 2 of the Dungeon)
Missiles
 b - 26 stones
 e - 5 poisoned needles
 l - a curare-tipped needle
 o - 4 tomahawks (quivered)
Armour
 B - a +0 robe (melded)
 C - a +0 cloak (melded)
Scrolls
 d - 5 scrolls of identify {unknown}
 k - 2 scrolls of remove curse {unknown}
 m - a scroll of amnesia {unknown}
Potions
 i - a potion of berserk rage {unknown}
 n - a potion of curing {unknown}
 p - a potion of ambrosia {unknown}
Comestibles
 c - 3 rations


   Skills:
 + Level 4.6 Fighting
 + Level 4.6 Short Blades
 + Level 1.0 Long Blades
 + Level 1.0 Axes
 + Level 1.0 Maces & Flails
 + Level 1.0 Polearms
 + Level 1.0 Staves
 + Level 1.0 Slings
 + Level 1.0 Bows
 + Level 1.0 Crossbows
 + Level 4.6 Throwing
 + Level 1.0 Armour
 + Level 2.7 Dodging
 + Level 7.8 Stealth
 + Level 1.0 Shields
 + Level 1.0 Unarmed Combat
 + Level 1.0 Spellcasting
 + Level 0.7 Conjurations
 + Level 0.7 Hexes
 + Level 0.7 Charms
 + Level 0.7 Summonings
 + Level 0.7 Necromancy
 + Level 0.7 Translocations
 + Level 0.7 Transmutations
 + Level 0.7 Fire Magic
 + Level 0.7 Ice Magic
 + Level 0.7 Air Magic
 + Level 0.7 Earth Magic
 + Level 0.7 Poison Magic
 + Level 1.1 Invocations
 + Level 1.0 Evocations


You had 5 spell levels left.
You didn't know any spells.

Dungeon Overview and Level Annotations

Branches:
Dungeon (3/15)

Altars:


Innate Abilities, Weirdness & Mutations

Your experience applies equally to all skills.
((You have very sharp teeth.))
Your uncanny sense of smell can sniff out nearby items.


Message History

The adder is moderately wounded.
You feel sick. The adder misses you.
You hit the adder. You bite the adder.
The adder is heavily wounded.
The adder bites you.
You hit the adder. Your bite misses the adder.
The adder is severely wounded.
The adder completely misses you.
You hit the adder.
You kill the adder!
Your Long Blades skill increases to level 1!
Your Axes skill increases to level 1!
Your Maces & Flails skill increases to level 1!
Your Polearms skill increases to level 1!
Your Staves skill increases to level 1!
Your Slings skill increases to level 1!
Your Bows skill increases to level 1!
Your Crossbows skill increases to level 1!
Your Armour skill increases to level 1!
Your Shields skill increases to level 1!
Your Unarmed Combat skill increases to level 1!
Your Spellcasting skill increases to level 1!
Your Evocations skill increases to level 1!
You hit the giant cockroach. Your bite misses the giant cockroach.
The giant cockroach is moderately wounded.
You feel sick.
You closely miss the giant cockroach.
You bite the giant cockroach, but do no damage.
The giant cockroach is moderately wounded.
The giant cockroach closely misses you.
You hit the giant cockroach but do no damage.
The giant cockroach is moderately wounded.
The giant cockroach misses you.
You hit the giant cockroach.
The giant cockroach is severely wounded.
The giant cockroach barely misses you.
You hit the giant cockroach.
You kill the giant cockroach!
You feel sick.
Found a sapphire potion.
You see here an adder corpse.
You feel sick.
Found a scroll labeled LOEGEI MUH USI.
You see here a sapphire potion.
p - a sapphire potion A dart slug comes into view.
You feel sick.
You are no longer poisoned.
You see here a scroll labeled LOEGEI MUH USI.
d - 5 scrolls labeled LOEGEI MUH USI (gained 1)
The dart slug launches a dart at you. The slug dart misses you.
The dart slug closely misses you.
You completely miss the dart slug. The dart slug barely misses you.
You hit the dart slug but do no damage. You hit the dart slug.
The dart slug is moderately wounded.
The dart slug closely misses you.
You hit the dart slug.
The dart slug is heavily wounded.
You hit the dart slug.
The dart slug is almost dead.
The dart slug launches a dart at you. The slug dart hits you!
* * * LOW HITPOINT WARNING * * *
You hit the dart slug.
You kill the dart slug!
You have reached level 4!
You feel stronger.
You see here a dart slug corpse.
You aren't carrying or standing over any spellbooks.
Unknown command.
A bat comes into view.
Found a ration.
You see here a ration.
c - 3 rations (gained 1)
The helpless bat fails to defend itself.
You perforate the bat like a sieve!!!
You kill the bat!
A goblin comes into view. It is wielding a dagger.
A centaur comes into view.
The goblin hits you but does no damage.
You hit the goblin but do no damage. The goblin hits you with a dagger.
* * * LOW HITPOINT WARNING * * *
You barely miss the goblin. You hit the goblin.
You kill the goblin!
You see here a dagger.
The centaur shouts!
The centaur wields a shortbow.
The centaur shoots an arrow.
The arrow hits you.
* * * LOW HITPOINT WARNING * * *
You see here an arrow.
The centaur shoots an arrow.
The arrow hits you!
* * * LOW HITPOINT WARNING * * *
The centaur shoots an arrow.
The arrow barely misses you.
You see here an arrow.
It was a potion of lignification.
You turn into a tree.
Your +0 cloak melds into your body.
Your +0 robe melds into your body.
Your roots penetrate the ground.
The centaur shoots an arrow.
The arrow hits you!
You die...

####################
#.........)(♣....c..
#.##################
#.#......##
#####.....†...#
#.............###
##.###..........#
#.# ##########.# #.#
.# #.# #.#


You could see a centaur.

Vanquished Creatures
  A gnoll (D:1)
  2 adders
  A worm (D:3)
  2 dart slugs (D:3)
  A leopard gecko (D:1)
  An orc (D:3)
  3 bats
  A giant cockroach (D:3)
  4 goblins
  A hobgoblin (D:3)
  2 jackals
  2 frilled lizards (D:2)
  4 kobolds
  A rat (D:3)
26 creatures vanquished.

Notes
Turn   | Place    | Note
-------+----------+-------------------------------------------
     0 | D:1      | tidbits the Gnoll Assassin began the quest for the Orb.
     0 | D:1      | Reached XP level 1. HP: 20/20 MP: 1/1
    60 | D:1      | HP: 1/20 [gnoll/spear (7)]
    61 | D:1      | Reached XP level 2. HP: 1/26 MP: 2/2
   195 | D:2      | Reached XP level 3. HP: 5/31 MP: 3/3
   201 | D:3      | HP: 2/31 [jackal (2)]
   414 | D:3      | Reached skill level 1 in Invocations
   528 | D:3      | Reached skill level 1 in Long Blades
   528 | D:3      | Reached skill level 1 in Axes
   528 | D:3      | Reached skill level 1 in Maces & Flails
   528 | D:3      | Reached skill level 1 in Polearms
   528 | D:3      | Reached skill level 1 in Staves
   528 | D:3      | Reached skill level 1 in Slings
   528 | D:3      | Reached skill level 1 in Bows
   528 | D:3      | Reached skill level 1 in Crossbows
   528 | D:3      | Reached skill level 1 in Armour
   528 | D:3      | Reached skill level 1 in Shields
   528 | D:3      | Reached skill level 1 in Unarmed Combat
   528 | D:3      | Reached skill level 1 in Spellcasting
   528 | D:3      | Reached skill level 1 in Evocations
   557 | D:3      | Reached XP level 4. HP: 15/38 MP: 5/5
   603 | D:3      | Noticed a centaur
   611 | D:3      | Shot with an arrow by a centaur

Skill      XL: |  1  2  3 |
---------------+----------+-----
Invocations    | 1 |  1.1
Long Blades    | 1 |  1.0
Axes           | 1 |  1.0
Maces & Flails | 1 |  1.0
Polearms       | 1 |  1.0
Staves         | 1 |  1.0
Slings         | 1 |  1.0
Bows           | 1 |  1.0
Crossbows      | 1 |  1.0
Armour         | 1 |  1.0
Shields        | 1 |  1.0
Unarmed Combat | 1 |  1.0
Spellcasting   | 1 |  1.0
Evocations     | 1 |  1.0
Fighting       | |  4.6
Short Blades   | |  4.6
Throwing       | |  4.6
Dodging        | |  2.7
Stealth        | |  7.8
Conjurations   | |  0.7
Hexes          | |  0.7
Charms         | |  0.7
Summonings     | |  0.7
Necromancy     | |  0.7
Translocations | |  0.7
Transmutations | |  0.7
Fire Magic     | |  0.7
Ice Magic      | |  0.7
Air Magic      | |  0.7
Earth Magic    | |  0.7
Poison Magic   | |  0.7

Action                   |  1- 3 |  4- 6 || total
-------------------------+-------+-------++-------
Melee: Dagger            |    66 |     4 ||    70
       Bite              |     5 |       ||     5
 Fire: Blowgun           |    11 |       ||    11
  Use: Potion            |     1 |     1 ||     2
 Stab: Sleeping          |     5 |     1 ||     6
Armor: Robe              |    12 |       ||    12
Dodge: Dodged            |    38 |     1 ||    39

Table legend:
 A = Turns spent in this place as a percentage of turns spent in the entire game.
 B = Non-inter-level travel turns spent in this place as a percentage of non-inter-level travel turns spent in the entire game.
 C = Inter-level travel turns spent in this place as a percentage of turns spent in this place.
 D = Turns resting spent in this place as a percentage of non-inter-level travel turns spent in this place.
 E = Turns spent auto-exploring this place as a percentage of non-inter-level travel turns spent in this place.
 F = Non-inter-level travel turns spent in this place divided by the number of levels of this place that you've seen.
                   A       B       C       D       E      F
               +-------+-------+-------+-------+-------+----------------------
         Total | 100.0 | 100.0 |   6.1 |   0.0 |   0.0 | 191.3
       Dungeon | 100.0 | 100.0 |   6.1 |   0.0 |   0.0 | 191.3
               +-------+-------+-------+-------+-------+----------------------

Table legend:
 A = Kills in this place as a percentage of kills in entire the game.
 B = Kills by you in this place as a percentage of kills by you in the entire game.
 C = Kills by friends in this place as a percentage of kills by friends in the entire game.
 D = Other kills in this place as a percentage of other kills in the entire game.
 E = Experience gained in this place as a percentage of experience gained in the entire game.
 F = Experience gained in this place divided by the number of levels of this place that you have seen.
                   A       B       C       D       E      F
               +-------+-------+-------+-------+-------+----------------------
         Total | 100.0 | 100.0 |   N/A |   N/A | 100.0 |  29.7
       Dungeon | 100.0 | 100.0 |   N/A |   N/A | 100.0 |  29.7
               +-------+-------+-------+-------+-------+----------------------

Vault maps used:
D:1:      eino_arrival_cavern_a, minmay_crystal_water
D:3:      serial_bayou_lagoon_a
